 Dungeon Crawl Stone Soup version 0.25-a0-365-g7600c65aa0 (webtiles) character file.

Game seed: 16272972745819613904, levelgen mode: deterministic

348649 Caramio the Hoplite (level 21, -14/306 HPs)
             Began as a Minotaur Berserker on Jan 5, 2020.
             Was an Elder of Trog.
             Demolished by a frost giant
             ... wielding a +2 battleaxe of freezing
              (36 damage)
             ... on level 5 of the Vaults.
             The game lasted 03:23:44 (45917 turns).

Caramio the Hoplite (Minotaur Berserker)           Turns: 45917, Time: 03:23:45

Health: -14/306    AC: 31    Str: 45    XL:     21   Next: 23%
Magic:  18/18      EV: 11    Int:  8    God:    Trog [****..]
Gold:   3346       SH: 36    Dex: 14    Spells: 20/20 levels left

rFire    + + .     SeeInvis .   h - +10 morningstar of the Several Yaks {flame, Str+4}
rCold    + + .     Gourm    .   x - +3 large shield
rNeg     . . .     Faith    .   g - +4 gold dragon scales
rPois    +         Spirit   .   (helmet unavailable)
rElec    .         Reflect  +   m - scarf {rC+ rF+}
rCorr    .         Harm     .   l - +2 pair of gloves {Str+3}
MR       ++...                  F - +2 pair of boots
Stlth    ..........             y - +3 amulet of reflection
HPRegen  0.00/turn              a - ring of Plog {EV+2 Str+3}
MPRegen  0.16/turn              f - ring "Jerentib" {MR+ Int+4 Dex+2 Slay+6}

@: berserking, marked, lightly drained, very quick
A: retaliatory headbutt, horns 3, deterioration 1, low mp 1, sense surroundings
1, screaming 2, inhibited regeneration, subdued magic 1, MP-powered wands
}: 2/15 runes: decaying, serpentine
a: Berserk, Trog's Hand, Brothers in Arms, Renounce Religion


You were on level 5 of the Vaults.
You worshipped Trog.
Trog was greatly pleased with you.
You were near starving.

You visited 6 branches of the dungeon, and saw 35 of its levels.
You also visited: Ossuary and Gauntlet.

You collected 3916 gold pieces.
You spent 570 gold pieces at shops.

Inventory:

Hand Weapons
 h - the +10 morningstar of the Several Yaks (weapon) {flame, Str+4}
   (Trog gifted it to you on level 9 of the Dungeon)

   It has been specially enchanted to burn those struck by it, causing extra
   injury to most foes and up to half again as much damage against particularly
   susceptible opponents.
   It affects your strength (+4).
 P - a +1 morningstar
 X - a +9 demon whip of chaos
Missiles
 Y - 17 silver javelins (quivered)
Armour
 g - +4 gold dragon scales (worn)
 l - a +2 pair of gloves of strength (worn)
 m - a scarf of resistance (worn)
 w - the +7 swamp dragon scales of Follow the Leader {rPois rF+ Int+3}
   (You acquired it on level 2 of the Orcish Mines)

   It affects your intelligence (+3).
   It protects you from fire.
   It protects you from poison.
 x - a +3 large shield (worn)
 F - a +2 pair of boots (worn)
Jewellery
 a - the ring of Plog (left hand) {EV+2 Str+3}
   (You found it in a Gauntlet)

   [ring of evasion]

   It affects your evasion (+2).
   It affects your strength (+3).
 b - the ring "Huazoow" {rF+ rN++ rCorr}
   (You found it on level 2 of the Vaults)

   [ring of resist corrosion]

   It protects you from fire.
   It greatly protects you from negative energy.
   It provides partial protection from all sources of acid and corrosion.
 f - the ring "Jerentib" (right hand) {MR+ Int+4 Dex+2 Slay+6}
   (You found it on level 14 of the Dungeon)

   [ring of dexterity]

   It affects your intelligence (+4).
   It affects your dexterity (+2).
   It affects your accuracy and damage with ranged weapons and melee attacks
   (+6).
   It affects your resistance to hostile enchantments.
 o - a cursed ring of poison resistance
 y - a +3 amulet of reflection (around neck)
 A - an uncursed amulet of the acrobat
 D - an uncursed ring of flight
 E - a +3 ring of dexterity {unknown}
 N - an uncursed ring of ice
Wands
 i - a wand of paralysis (21)
 u - a wand of polymorph (14)
 M - a wand of digging (5)
Scrolls
 e - 19 scrolls of remove curse
 t - 5 scrolls of fear
 H - 4 scrolls of silence
 I - a scroll of holy word
 K - 4 scrolls of magic mapping
 L - a scroll of enchant weapon
 O - a scroll of blinking
 S - 4 scrolls of teleportation
Potions
 d - 4 potions of lignification
 j - a potion of haste
 k - 2 potions of flight {unknown}
 n - 7 potions of might
 q - 2 potions of magic
 r - 3 potions of invisibility
 z - 4 potions of ambrosia
 G - 2 potions of agility
 J - 4 potions of curing
 Q - 2 potions of resistance {unknown}
 V - 4 potions of degeneration {unknown}
 Z - 4 potions of cancellation
Miscellaneous
 s - a phantom mirror
 B - a sack of spiders
Comestibles
 c - 44 rations


   Skills:
 + Level 21.0(20.7) Fighting
 - Level 23.1(22.8) Maces & Flails
 + Level 6.0(5.8) Throwing
 + Level 15.2(15.0) Armour
 + Level 2.9(2.8) Dodging
 - Level 25.0(24.7) Shields
 - Level 1.0(0.8) Unarmed Combat
 + Level 0.3(0.1) Evocations


You had 20 spell levels left.
You didn't know any spells.
Your spell library was empty.

Dungeon Overview and Level Annotations

Branches:
Dungeon (14/15)            Temple (0/1) D:7            Lair (6/6) D:10
  Swamp (4/4) Lair:3        Snake (4/4) Lair:3        Slime (0/5) Lair:6
    Orc (2/2) D:11            Elf (0/3) Orc:2        Vaults (5/5) D:14
  Crypt (0/3) Vaults:3    Ossuary (visited)         Gauntlet (visited)

Altars:
Dithmenos
Fedhas
Gozag
Trog
The Shining One
Jiyva

Shops:
D:8 }   D:12 }   Orc:1 *   Orc:2 =*[(   Vaults:3 }

Annotations:
D:8 2 transporters, Democracy123's ghost, novice FoBe
D:13 2 runed translucent doors, coier1's ghost, journeyman GnWn


Innate Abilities, Weirdness & Mutations

You reflexively headbutt those who attack you in melee.
You have a pair of large horns on your head.
Your body sometimes deteriorates upon taking damage.
Your magical capacity is low. (-10% MP)
You passively map a small area around you.
You sometimes yell uncontrollably at your foes.
You do not regenerate when monsters are visible.
Your spells are a little easier to cast, but a little less powerful.
You expend magic power (3 MP) to strengthen your wands.


Message History

You burn the vault warden.
You kill the vault warden!
Trog accepts your kill.
The runic seals fade away.
You block the stone giant's attack.
The vault sentinel blows a loud note on a signal horn!
You block the fire giant's attack.
The ironbrand convoker gestures at the frost giant while chanting.
The frost giant seems to grow stronger.
The vault sentinel blows a loud note on a signal horn!
You block the stone giant's attack.
The tengu reaver mumbles some strange words.
The tengu reaver conjures a globe of magical energy!
You block the vault guard's attack.
The necromancer casts a spell.
The necromancer binds the souls of nearby monsters.
You block the deep troll earth mage's attack. x2
The deep troll earth mage claws you but does no damage.
You block the yaktaur captain's attack.
The frost giant hits you with a +2 battleaxe of freezing!!!
You die...

* #....#* ,.. .
#....# *.... , ,
#. #....# #Q...
.#.,#.(..##..*p *
* #.#.#...p#...#
, *..w.p..*p...#*
*
###....cQ4T#####
,......pCTeW...e.
, ,
.....cpC@ccH....
,,
......CCpCcs....
,.....5CpGpe.=...
,,, *
###....3Cs5#####
........e)c, , ,
, .(..#....#... ,
, #####....#...(
, , , #....#.....
, , *


You could see an ironheart preserver, a titan, 2 frost giants, a fire giant, a
sphinx, 2 stone giants, 2 tengu reavers, 3 yaktaur captains, a vault guard, a
deep elf annihilator, a great orb of eyes, an ettin, a deep troll, 4 vault
sentinels, a deep elf archer, a phantasmal warrior, 2 ironbrand convokers, a
deep troll earth mage, 3 yaktaurs, 2 deep elf magi, a necromancer, a swamp worm,
a ynoxinul, a chaos spawn, a tarantella, a redback, 2 battlespheres and 2
ufetubi.

Vanquished Creatures
  Frederick (Vaults:4)
  Xtahua (Vaults:1)
  Margery (Vaults:3)
  A golden dragon (Vaults:4)
  A bone dragon (Swamp:4)
  Rupert (D:14)
  A tentacled monstrosity (Vaults:5)
  A quicksilver dragon (Vaults:4)
  2 titans
  Frances (D:14)
  2 sphinxes
  6 shadow dragons
  2 thorn hunters
  Agnes (Snake:1)
  2 storm dragons (Vaults:4)
  Donald (Vaults:2)
  2 frost giants (Vaults:4)
  A tengu reaver (Vaults:4)
  2 fire giants
  6 nagarajas (Snake:4)
  The ghost of Ocaew the Fighter, a journeyman HONe of Trog (D:14)
  A deep elf sorcerer (Vaults:2)
  An orc warlord (Orc:2)
  Louise (D:14)
  Aizul (Snake:2)
  6 vault wardens
  9 ironheart preservers
  The ghost of pentaxis93 the Covert, an adept VSCK of Xom (Swamp:2)
  4 very ugly things
  5 stone giants
  The ghost of Shaidar the Severer, a journeyman MiBe of Trog (Lair:6)
  A vampire knight (Vaults:3)
  3 entropy weavers
  4 deep elf demonologists
  A minotaur (Gauntlet)
  5 dire elephants (Lair:6)
  3 deep elf annihilators
  2 deep elf death magi
  Azrael (Snake:3)
  Josephine (D:11)
  2 yaktaur captains (Vaults:4)
  A small abomination (Vaults:3)
  25 vault guards
  9 hydras
  3 shambling mangroves (Swamp:3)
  11 anacondas
  11 ghost crabs
  A catoblepas (Lair:4)
  14 naga warriors
  4 ice dragons
  25 two-headed ogres
  4 death knights
  A hell hog (Gauntlet)
  13 alligators
  6 centaur warriors
  7 ogre magi
  13 naga sharpshooters
  4 orc high priests (Orc:2)
  12 shock serpents
  3 hell knights (Vaults:3)
  3 deep elf knights
  Sonja (Lair:5)
  8 skeletal warriors (Vaults:2)
  A death drake (Swamp:4)
  2 salamander mystics (Snake:4)
  2 swamp dragons (Swamp:1)
  A sea snake (Snake:1)
  6 spriggan druids
  2 wizards (Vaults:2)
  5 spectral hydras (Swamp:4)
  An unseen horror (Vaults:1)
  3 deep elf archers
  A glowing orange brain (Vaults:4)
  14 orc knights
  8 ironbrand convokers
  6 harpies (Vaults:2)
  6 naga ritualists
  4 oklob plants (Lair:5)
  35 ugly things
  A phantasmal warrior (Vaults:4)
  10 deep elf magi
  A necromancer (Vaults:3)
  13 mana vipers
  4 orc sorcerers
  20 salamanders
  5 cyclopes
  A manticore (D:14)
  4 wolf spiders
  33 black mambas
  12 vault sentinels
  13 guardian serpents
  3 apocalypse crabs (Swamp:2)
  Joseph (D:9)
  7 elephants
  34 naga magi
  18 spiny frogs
  A rime drake (Lair:2)
  An efreet (Swamp:2)
  9 komodo dragons
  2 swamp worm zombies (Swamp:4)
  18 yaktaurs
  5 hydra zombies (Swamp:4)
  8 freezing wraiths
  6 trolls
  A polar bear (Lair:5)
  11 hornets
  13 tyrant leeches
  20 blink frogs
  31 slime creatures
  11 bog bodies
  5 alligator zombies (Swamp:4)
  3 centaur simulacra (Gauntlet)
  10 hippogriffs
  7 dream sheep (Lair:6)
  7 spriggans
  7 shadows
  3 vampires
  4 redbacks (Vaults:3)
  5 wraiths
  4 wyverns
  Sigmund (D:3)
  2 fire bats (Gauntlet)
  8 humans (D:14)
  Grum (D:9)
  36 yaks
  A hungry ghost (D:7)
  4 basilisks
  A basilisk (shapeshifter) (Vaults:4)
  7 neqoxecs (D:14)
  2 fire elementals (Snake:3)
  A redback simulacrum (Gauntlet)
  A harpy simulacrum (Gauntlet)
  18 vampire mosquitoes
  Menkaure (D:4)
  3 wargs
  79 nagas
  A soldier ant (D:9)
  12 water moccasins
  26 insubstantial wisps
  18 swamp worms
  6 hell hounds
  19 porcupines
  4 ice beasts
  8 swamp drakes
  51 orc warriors
  5 sky beasts
  2 black bears (D:8)
  2 swamp dragon zombies (Swamp:4)
  An eye of draining (D:12)
  3 phantoms (Swamp:4)
  A necrophage (D:12)
  17 ogres
  3 centaurs
  19 wolves
  14 crocodiles
  3 big kobolds
  15 bullfrogs
  2 wyvern zombies
  A scorpion (D:10)
  A water moccasin skeleton (D:4)
  4 killer bees (D:12)
  9 wights
  5 electric eels
  7 howler monkeys
  A crimson imp (D:7)
  6 centaur zombies
  5 quasits
  30 orc priests
  2 bullfrog zombies
  5 hounds
  2 bullfrog skeletons
  4 centaur skeletons
  4 jellies
  36 orc wizards
  4 iguanas
  3 spectral swamp drakes (Swamp:4)
  14 worker ants
  A killer bee zombie (D:6)
  2 big kobold zombies (Ossuary)
  2 hound skeletons
  6 mummies (Ossuary)
  2 worker ant zombies
  Robin (D:3)
  15 adders
  3 gnolls (D:5)
  3 shadow imps
  2 oozes
  2 adder zombies (D:8)
  An adder skeleton (D:8)
  2 dart slugs (D:1)
  9 leopard geckos
  98 orcs
  7 giant cockroaches
  10 goblins
  9 hobgoblins
  20 jackals
  5 quokkas
  2 ball pythons
  6 bats
  3 frilled lizards (D:2)
  3 hobgoblin zombies (Ossuary)
  22 kobolds
  12 rats
  A briar patch (Swamp:3)
  A fungus (Lair:6)
  3 plants
1532 creatures vanquished.

Vanquished Creatures (collateral kills)
  A very ugly thing (Vaults:5)
  A stone giant (Vaults:2)
  A vault guard (Vaults:5)
  A phantasmal warrior (Vaults:5)
  3 harpies (Vaults:2)
  A cyclops (Vaults:2)
  A phantom (Swamp:4)
9 creatures vanquished.

Vanquished Creatures (others)
  Vashnia (Snake:2)
  A nagaraja (Snake:4)
  A stone giant (Vaults:4)
  A yaktaur captain (Vaults:4)
  A naga warrior (Snake:2)
  A naga sharpshooter (Snake:3)
  3 spriggans
  A deep elf archer (Vaults:4)
  A spriggan druid (Swamp:4)
  A naga mage (Snake:2)
  6 yaktaurs
  2 hornets
  A human (D:14)
  An insubstantial wisp (Swamp:4)
  An ogre (Vaults:4)
  3 centaurs
  An orc wizard (D:7)
  A kobold (D:7)
  4 fungi
  11 plants
  3 withered plants (Swamp:1)
46 creatures vanquished.

Grand Total: 1587 creatures vanquished

Notes
Turn   | Place    | Note
-------+----------+-------------------------------------------
     0 | D:1      | Caramio the Minotaur Berserker began the quest for the Orb.
     0 | D:1      | Reached XP level 1. HP: 19/19 MP: 0/0
   165 | D:1      | Reached XP level 2. HP: 27/27 MP: 1/1
   529 | D:1      | Reached XP level 3. HP: 32/34 MP: 2/2
   529 | D:1      | Reached ** piety under Trog
  1429 | D:2      | Reached XP level 4. HP: 41/41 MP: 3/3
  1717 | D:3      | Reached skill level 5 in Maces & Flails
  2024 | D:3      | Noticed Sigmund
  2030 | D:3      | Killed Sigmund
  2030 | D:3      | Reached *** piety under Trog
  2030 | D:3      | Reached skill level 5 in Fighting
  2030 | D:3      | Reached skill level 1 in Shields
  2030 | D:3      | Reached XP level 5. HP: 48/48 MP: 4/4
  2030 | D:3      | Reached XP level 6. HP: 56/56 MP: 5/5
  2267 | D:3      | Found an opulent altar of Gozag.
  2335 | D:3      | Reached skill level 2 in Shields
  2341 | D:3      | Noticed Robin
  2350 | D:3      | Killed Robin
  3093 | D:4      | Noticed Menkaure
  3099 | D:4      | Killed Menkaure
  3099 | D:4      | Reached skill level 5 in Armour
  3099 | D:4      | Reached XP level 7. HP: 51/61 MP: 6/6
  3255 | D:5      | Entered Level 5 of the Dungeon
  3560 | D:5      | Reached skill level 3 in Shields
  3962 | D:5      | Reached **** piety under Trog
  4318 | D:6      | Reached XP level 8. HP: 67/70 MP: 7/7
  4428 | D:6      | Reached skill level 4 in Shields
  5161 | D:7      | Reached skill level 5 in Shields
  5198 | D:7      | Found a staircase to the Ecumenical Temple.
  5234 | D:7      | Reached ***** piety under Trog
  5234 | D:7      | Received a gift from Trog
  5254 | D:7      | Found a sand-covered staircase.
  5276 | Ossuary  | Entered an ossuary
  5455 | Ossuary  | Reached skill level 6 in Shields
  5461 | Ossuary  | Reached XP level 9. HP: 78/79 MP: 8/8
  6155 | D:7      | Reached skill level 7 in Shields
  6416 | D:8      | Reached skill level 10 in Maces & Flails
  6591 | D:8      | Noticed a troll
  6620 | D:8      | Noticed a moth of wrath
  6622 | D:8      | Reached skill level 8 in Shields
  6682 | D:8      | Found Liclorikk's Gadget Shoppe.
  6820 | D:8      | Found a transporter.
  6823 | D:8      | Found a transporter.
  6830 | D:8      | Found a bloodstained altar of Trog.
  6844 | D:8      | Noticed Democracy123's ghost (novice FoBe)
  6877 | D:8      | Found a shadowy altar of Dithmenos.
  6903 | D:8      | Found a glowing golden altar of the Shining One.
  7066 | D:9      | Noticed a troll
  7076 | D:9      | Killed a troll
  7076 | D:9      | Reached skill level 9 in Shields
  7317 | D:9      | Noticed Grum
  7320 | D:9      | Noticed a troll
  7330 | D:9      | Killed a troll
  7330 | D:9      | Reached XP level 10. HP: 75/88 MP: 9/9
  7373 | D:9      | Killed Grum
  7373 | D:9      | Reached skill level 1 in Unarmed Combat
  7598 | D:9      | Noticed Joseph
  7635 | D:9      | Killed Joseph
  7635 | D:9      | Reached skill level 10 in Shields
  7698 | D:9      | Got an iridescent flail
  7699 | D:9      | Identified the +4 flail "Ubroosik" {venom, Dex+4} (You
                  | found it on level 9 of the Dungeon)
  7716 | D:9      | Received a gift from Trog
  8089 | D:9      | Got a scorched morningstar {god gift}
  8090 | D:9      | Identified the +10 morningstar of the Several Yaks {flame,
                  | Str+4} (Trog gifted it to you on level 9 of the Dungeon)
  8254 | D:10     | Entered Level 10 of the Dungeon
  8747 | D:10     | Found the +12 Vampire's Tooth {vamp}
  8860 | D:10     | Found a staircase to the Lair.
  8864 | D:10     | Reached skill level 11 in Shields
  8864 | D:10     | Reached XP level 11. HP: 95/95 MP: 10/10
  8981 | D:11     | Noticed a brown ugly thing
  8987 | D:11     | Killed a brown ugly thing
  9023 | D:11     | Found a staircase to the Orcish Mines.
  9025 | D:11     | Noticed a brown ugly thing
  9031 | D:11     | Killed a brown ugly thing
  9054 | D:11     | Noticed Josephine
  9062 | D:11     | Killed Josephine
  9234 | D:11     | Got a twisted war axe
  9237 | D:11     | Identified the +3 war axe of Reurphu {pain, rPois Int+6
                  | Dex-5} (You found it on level 11 of the Dungeon)
  9374 | D:11     | Reached skill level 10 in Armour
  9620 | D:11     | Received a gift from Trog
 10017 | D:12     | Noticed a four-headed hydra
 10029 | D:12     | Killed a four-headed hydra
 10029 | D:12     | Reached skill level 12 in Shields
 10190 | D:12     | Noticed a deep elf mage
 10200 | D:12     | Killed a deep elf mage
 10224 | D:12     | Reached skill level 10 in Fighting
 10231 | D:12     | Reached XP level 12. HP: 101/106 MP: 11/11
 10274 | D:12     | Found Taolupt's Gadget Shop.
 10630 | D:13     | Found a large runed translucent door.
 10631 | D:13     | Found a large runed translucent door.
 10635 | D:13     | Noticed coier1's ghost (journeyman GnWn)
 10662 | D:13     | Found a gate leading to a gauntlet.
 10662 | D:13     | Noticed a centaur warrior
 10665 | D:13     | Killed a centaur warrior
 10675 | Gauntlet | Entered a Gauntlet
 10675 | Gauntlet | Found a transporter.
 10679 | Gauntlet | Found a transporter.
 10682 | Gauntlet | Found a transporter.
 10682 | Gauntlet | Found a transporter.
 10685 | Gauntlet | Found a transporter.
 10686 | Gauntlet | Found a transporter.
 10689 | Gauntlet | Noticed a hell hog
 10690 | Gauntlet | Found a runed translucent door.
 10692 | Gauntlet | Found a runed translucent door.
 10697 | Gauntlet | Found a transporter.
 10721 | Gauntlet | Found a transporter.
 10734 | Gauntlet | Found a transporter.
 10738 | Gauntlet | Found a transporter.
 10744 | Gauntlet | Found a runed translucent door.
 10753 | Gauntlet | Found a transporter.
 10802 | Gauntlet | Found a transporter.
 10914 | Gauntlet | Got a clouded gossamer ring
 10921 | Gauntlet | Identified the ring of Plog {EV+2 Str+3} (You found it in a
                  | Gauntlet)
 10931 | Gauntlet | Killed a hell hog
 10931 | Gauntlet | Reached skill level 13 in Shields
 10933 | Gauntlet | Received a gift from Trog
 10949 | Gauntlet | Got a pair of translucent gloves
 10951 | Gauntlet | Identified the Incunabulum of the Spider
 10971 | Gauntlet | Identified the +2 pair of gloves of Wulates {+Inv} (You
                  | found it in a Gauntlet)
 11011 | Gauntlet | Noticed a minotaur
 11020 | Gauntlet | Killed a minotaur
 11020 | Gauntlet | Reached skill level 15 in Maces & Flails
 11511 | D:13     | Noticed a centaur warrior
 11517 | D:13     | Killed a centaur warrior
 11668 | D:14     | Found a transporter.
 11668 | D:14     | Noticed Ocaew's ghost (journeyman HONe)
 11677 | D:14     | Gained mutation: You are frail. (-10% HP) [potion of
                  | mutation]
 11677 | D:14     | Gained mutation: You are very frail. (-20% HP) [potion of
                  | mutation]
 11677 | D:14     | Gained mutation: Your flesh is heat resistant. (rF+)
                  | [potion of mutation]
 11678 | D:14     | Lost mutation: You are very frail. (-20% HP) [potion of
                  | mutation]
 11678 | D:14     | Lost mutation: You are frail. (-10% HP) [potion of
                  | mutation]
 11678 | D:14     | Gained mutation: You do not regenerate when monsters are
                  | visible. [potion of mutation]
 11678 | D:14     | Gained mutation: You are dopey. (Int -2) [potion of
                  | mutation]
 11678 | D:14     | Gained mutation: You have a pair of large horns on your
                  | head. [potion of mutation]
 11679 | D:14     | Lost mutation: You have a pair of large horns on your head.
                  | [potion of mutation]
 11679 | D:14     | Lost mutation: You are dopey. (Int -2) [potion of mutation]
 11679 | D:14     | Lost mutation: You do not regenerate when monsters are
                  | visible. [potion of mutation]
 11679 | D:14     | Gained mutation: You passively map a small area around you.
                  | [potion of mutation]
 11679 | D:14     | Gained mutation: Your body sometimes deteriorates upon
                  | taking damage. [potion of mutation]
 11679 | D:14     | Gained mutation: You expend magic power (3 MP) to
                  | strengthen your wands. [potion of mutation]
 11679 | D:14     | Gained mutation: You have a somewhat thin skeletal
                  | structure. (Dex +2, Stealth) [potion of mutation]
 11680 | D:14     | Lost mutation: Your flesh is heat resistant. (rF+) [potion
                  | of mutation]
 11680 | D:14     | Lost mutation: You have a somewhat thin skeletal structure.
                  | (Dex +2, Stealth) [potion of mutation]
 11680 | D:14     | Gained mutation: You have a pair of large horns on your
                  | head. [potion of mutation]
 11680 | D:14     | Gained mutation: You are agile. (Dex +2) [potion of
                  | mutation]
 11681 | D:14     | Lost mutation: Your body sometimes deteriorates upon taking
                  | damage. [potion of mutation]
 11681 | D:14     | Lost mutation: You are agile. (Dex +2) [potion of mutation]
 11681 | D:14     | Lost mutation: You expend magic power (3 MP) to strengthen
                  | your wands. [potion of mutation]
 11681 | D:14     | Gained mutation: Your spells are a little easier to cast,
                  | but a little less powerful. [potion of mutation]
 11681 | D:14     | Gained mutation: You expend magic power (3 MP) to
                  | strengthen your wands. [potion of mutation]
 11759 | D:14     | Found a transporter.
 11767 | D:14     | Lost intelligence.
 11774 | D:14     | Gained mutation: You occasionally shout uncontrollably at
                  | your foes. [a neqoxec]
 11775 | D:14     | Gained mutation: You do not regenerate when monsters are
                  | visible. [a neqoxec]
 11778 | D:14     | Reached skill level 1 in Throwing
 11795 | D:14     | Killed Ocaew's ghost
 11917 | D:14     | Got the ring "Jerentib" {Dex+2}
 11919 | D:14     | Got a sparkling silver amulet
 11960 | D:14     | Identified the ring "Jerentib" {MR+ Int+4 Dex+2 Slay+6}
                  | (You found it on level 14 of the Dungeon)
 11962 | D:14     | Identified the amulet "Ujomiase" {Acrobat rElec rN+ Int+4}
                  | (You found it on level 14 of the Dungeon)
 12315 | D:14     | Noticed a vault guard
 12315 | D:14     | Noticed a vault guard
 12316 | D:14     | Noticed a vault guard
 12326 | D:14     | Killed a vault guard
 12326 | D:14     | Reached skill level 14 in Shields
 12326 | D:14     | Reached XP level 13. HP: 112/116 MP: 12/12
 12344 | D:14     | Found a gate to the Vaults.
 12371 | D:14     | Noticed Frances
 12379 | D:14     | Killed Frances
 12724 | D:14     | Noticed Rupert
 12734 | D:14     | Killed Rupert
 12795 | D:14     | Noticed Louise
 12805 | D:14     | Killed Louise
 12805 | D:14     | Received a gift from Trog
 12808 | D:14     | Got a fine demon whip {god gift}
 12988 | D:14     | Identified the +5 demon whip of Akhischar {slash, *Noise
                  | MR+ Str+2} (Trog gifted it to you on level 14 of the
                  | Dungeon)
 13143 | D:14     | Found a blossoming altar of Fedhas.
 13162 | D:14     | Reached skill level 15 in Shields
 13471 | Lair:1   | Entered Level 1 of the Lair of Beasts
 14530 | Lair:2   | Received a gift from Trog
 14764 | Lair:2   | Reached XP level 14. HP: 126/126 MP: 13/13
 15470 | Lair:3   | Found a staircase to the Snake Pit.
 15485 | Lair:3   | Reached skill level 16 in Shields
 15509 | Lair:3   | Found a staircase to the Swamp.
 16868 | Lair:5   | Received a gift from Trog
 16946 | Lair:5   | Identified a scroll of acquirement
 17033 | Lair:5   | Noticed Sonja
 17043 | Lair:5   | Killed Sonja
 18122 | Lair:6   | Entered Level 6 of the Lair of Beasts
 18128 | Lair:6   | Reached skill level 17 in Shields
 18384 | Lair:6   | Found a staircase to the Slime Pits.
 18385 | Lair:6   | Found a viscous altar of Jiyva.
 18737 | Lair:6   | Found a large runed translucent door.
 18823 | Lair:6   | Received a gift from Trog
 18910 | Lair:6   | Found a large runed translucent door.
 18916 | Lair:6   | Noticed Shaidar's ghost (journeyman MiBe)
 18928 | Lair:6   | Killed Shaidar's ghost
 19302 | Lair:6   | Reached XP level 15. HP: 95/136 MP: 14/14
 19933 | D:12     | Bought a wand of digging (6) for 240 gold pieces
 20375 | Orc:1    | Entered Level 1 of the Orcish Mines
 20985 | Orc:1    | Found Diecrof's Assorted Antiques.
 21045 | Orc:2    | Entered Level 2 of the Orcish Mines
 21267 | Orc:2    | Got faintly glowing swamp dragon scales
 21278 | Orc:2    | Identified the +7 swamp dragon scales of Follow the Leader
                  | {rPois rF+ Int+3} (You acquired it on level 2 of the Orcish
                  | Mines)
 21401 | Orc:2    | Received a gift from Trog
 21418 | Orc:2    | Found a staircase to the Elven Halls.
 21492 | Orc:2    | Noticed an orc warlord
 21520 | Orc:2    | Killed an orc warlord
 21809 | Orc:2    | Gained mutation: You sometimes yell uncontrollably at your
                  | foes. [a neqoxec]
 21812 | Orc:2    | Gained mutation: Your magical capacity is low. (-10% MP) [a
                  | neqoxec]
 21818 | Orc:2    | Reached skill level 18 in Shields
 22229 | Orc:2    | Found Navua's Antique Armour Shop.
 22230 | Orc:2    | Found Zafyroh's Antique Weapon Boutique.
 22240 | Orc:2    | Found Zieroleris's General Store.
 22240 | Orc:2    | Found Jostruax's Jewellery Shop.
 22512 | Orc:2    | Bought a scroll of brand weapon for 300 gold pieces
 22512 | Orc:2    | Bought a scroll of identify for 30 gold pieces
 22704 | Swamp:1  | Entered Level 1 of the Swamp
 22710 | Swamp:1  | Received a gift from Trog
 22713 | Swamp:1  | Got a brightly glowing lajatang {god gift}
 23800 | Swamp:2  | Found a runed translucent gate.
 23801 | Swamp:2  | Found a runed translucent gate.
 23802 | Swamp:2  | Found a runed translucent gate.
 23815 | Swamp:2  | Noticed pentaxis93's ghost (adept VSCK)
 23827 | Swamp:2  | Killed pentaxis93's ghost
 23878 | Swamp:2  | Found a runed translucent door.
 24027 | Swamp:2  | Received a gift from Trog
 24197 | Swamp:2  | Reached skill level 19 in Shields
 24197 | Swamp:2  | Reached XP level 16. HP: 46/147 MP: 13/13
 24787 | Swamp:2  | Reached skill level 15 in Fighting
 25141 | Swamp:3  | Received a gift from Trog
 26004 | Swamp:3  | Noticed a thorn hunter
 26017 | Swamp:3  | Killed a thorn hunter
 26250 | Swamp:4  | Entered Level 4 of the Swamp
 26300 | Swamp:4  | Noticed a thorn hunter
 26309 | Swamp:4  | Killed a thorn hunter
 26434 | Swamp:4  | Reached skill level 20 in Shields
 27259 | Swamp:4  | Received a gift from Trog
 27277 | Swamp:4  | Noticed a bone dragon
 27308 | Swamp:4  | Killed a bone dragon
 27926 | Swamp:4  | Got a decaying rune of Zot
 28034 | Snake:1  | Entered Level 1 of the Snake Pit
 28185 | Snake:1  | Reached XP level 17. HP: 57/151 MP: 14/14
 29079 | Snake:1  | Noticed Agnes
 29089 | Snake:1  | Killed Agnes
 29094 | Snake:1  | Received a gift from Trog
 29322 | Snake:1  | Reached skill level 21 in Shields
 29456 | Snake:2  | Noticed Vashnia
 29475 | Snake:2  | Killed Vashnia
 30051 | Snake:2  | Noticed Aizul
 30071 | Snake:2  | Killed Aizul
 30623 | Snake:2  | Received a gift from Trog
 31747 | Snake:3  | Reached skill level 22 in Shields
 31924 | Snake:3  | Noticed Azrael
 31931 | Snake:3  | Killed Azrael
 32390 | Snake:3  | Received a gift from Trog
 32712 | Snake:3  | Reached XP level 18. HP: 159/161 MP: 15/15
 32954 | Snake:4  | Entered Level 4 of the Snake Pit
 34243 | Snake:4  | Reached skill level 23 in Shields
 34821 | Snake:4  | Received a gift from Trog
 35114 | Snake:4  | Got a serpentine rune of Zot
 35753 | Vaults:1 | Entered Level 1 of the Vaults
 36425 | Vaults:1 | Got a transparent trident
 36427 | Vaults:1 | Identified the +8 trident of Nurhia Fyoss {vamp, rPois}
                  | (You found it on level 1 of the Vaults)
 36617 | Vaults:1 | Gained mutation: Your body sometimes deteriorates upon
                  | taking damage. [a neqoxec]
 36680 | Vaults:1 | You fall into a shaft and drop 1 floor!
 36809 | Vaults:1 | Reached XP level 19. HP: 172/172 MP: 16/16
 37001 | Vaults:2 | Received a gift from Trog
 37246 | Vaults:1 | Reached skill level 24 in Shields
 37358 | Vaults:2 | Noticed Xtahua
 37370 | Vaults:1 | Killed Xtahua
 38342 | Vaults:2 | Noticed Donald
 38355 | Vaults:2 | Killed Donald
 38371 | Vaults:2 | Received a gift from Trog
 38517 | Vaults:2 | Reached skill level 5 in Throwing
 38618 | Vaults:2 | Got a brightly glowing granite ring
 38619 | Vaults:2 | Identified the ring "Huazoow" {rF+ rN++ rCorr} (You found
                  | it on level 2 of the Vaults)
 39021 | Vaults:3 | Found Joisch's Gadget Emporium.
 39927 | Vaults:3 | Noticed Margery
 39932 | Vaults:3 | Killed Margery
 40216 | Vaults:3 | Received a gift from Trog
 40470 | Vaults:3 | Found a staircase to the Crypt.
 41720 | Vaults:4 | Reached skill level 25 in Shields
 41720 | Vaults:4 | Reached XP level 20. HP: 176/182 MP: 17/17
 41788 | Vaults:4 | Received a gift from Trog
 41788 | Vaults:4 | Noticed Frederick
 41802 | Vaults:4 | Killed Frederick
 42808 | Vaults:4 | Received a gift from Trog
 43524 | Vaults:4 | Got a faintly glowing ring mail
 43566 | Vaults:4 | Identified the cursed +1 ring mail of Defence {rC++} (You
                  | found it on level 4 of the Vaults)
 43705 | Vaults:5 | Entered Level 5 of the Vaults
 44386 | Vaults:5 | Noticed a golden dragon
 45516 | Vaults:5 | Reached XP level 21. HP: 183/202 MP: 18/18
 45517 | Vaults:5 | Reached skill level 15 in Armour
 45530 | Vaults:4 | Killed a golden dragon
 45917 | Vaults:5 | Demolished by a frost giant

Levels and vault maps discovered:
D:1:      eino_arrival_cavern_e, layout_basic, minmay_pentomino_u2
D:2:      layout_basic
D:3:      layout_loops_ring, nicolae_gozag_seed_capital, uniq_sigmund,
          uniq_robin
D:4:      layout_basic, first_ration, uniq_menkaure
D:5:      layout_rooms, chequers_serial_rivers_room_a
D:6:      layout_basic
D:7:      layout_loops_ring, minmay_temple_entry_statues_fountains,
          nicolae_ossuary_entry_ruins, dk_rats_in_the_wall
D:8:      layout_cave_pools, tso_oasis_becter,
          gammafunk_ghost_wrathful_warriors, serial_shops,
          nicolae_shop_behind_doors, grunt_pizzeria,
          grunt_dithmenos_smoke_and_mirrors
D:9:      minmay_cut_squares, layout_cave_pools, minivault_16,
          fungi_pond_lemuel, uniq_grum, uniq_joseph
D:10:     layout_irregular_city, grunt_lair_entry_orc_guard_hut,
          minmay_guarded_unrand_vampires_tooth
D:11:     layout_irregular_city, uniq_josephine
D:12:     layout_rooms, serial_shops, kennysheep_mini
D:13:     layout_gridville, gauntlet_entry_generic, ebering_ghost_disaster_area
D:14:     layout_basic, ximxim_vaults_locker_room, gammafunk_ghost_stat_death,
          lemuel_tele_altar, uniq_louise, uniq_rupert, uniq_frances
Lair:1:   layout_regular_city, chequers_serial_rivers_large_b, worms_lemuel
Lair:2:   layout_cave_pods, serial_bayou_shore_b, infiniplex_staircase_pool,
          grunt_megastairs_1, lemuel_fruit_fields, lemuel_fruit_tree
Lair:3:   minmay_lair_venomous_thicket, layout_concentric_octagons,
          minmay_swamp_entry_worms, guppyfry_snake_entry_garden,
          lemuel_old_faithful, grunt_megastairs_4
Lair:4:   layout_cave_pods, lookout_lair_type
Lair:5:   layout_cave_shapes, serial_bayou_pond_e, serial_bayou_shore_b,
          minmay_lair_oklob_chamber, grunt_megastairs_3, lemuel_fruit_fields,
          uniq_sonja
Lair:6:   due_jungle_book, layout_small_grid, slime_altar_1,
          ebering_ghost_disaster_area
Swamp:1:  layout_basic_swamp, nicolae_swamp_very_dense_foliage, swamp_pool3,
          st_shrine_of_shade
Swamp:2:  gammafunk_mikee_crab_dinner, layout_basic_swamp,
          ebering_ghost_rock_garden, evilmike_swamp_ruin_house_1, swamp_pool2
Swamp:3:  layout_basic_swamp, evilmike_swamp_ruin_house_6
Swamp:4:  swamp_pestilence, layout_basic_swamp, swamp_pool2
Snake:1:  layout_rooms, serial_bayou_shore_a, uniq_agnes
Snake:2:  nicolae_aizul_guard, layout_basic, uniq_vashnia
Snake:3:  layout_cave_town, nrook_guardian_serpent_double, uniq_azrael
Snake:4:  minmay_snake_end_coiled, layout_layer_cave, grunt_ministairs_11,
          nicolae_snake_shapes, uniq_aizul
Orc:1:    layout_caves, serial_shops, shop, minmay_orc_keep
Orc:2:    st_orc_congregation, layout_caves
Vaults:1: vaults_standard_mumra_x, nicolae_vaults_network_barrier,
          nicolae_vaults_angled_halls, vaults_room_fancy_cross,
          nicolae_vaults_network_star, vaults_dpeg_doors,
          nicolae_vaults_sealed_display, nicolae_vaults_shelves_hall,
          nicolae_vaults_rhombus_7, layout_vaults_chaotic_city
Vaults:2: vaults_mumra_chevron, v_misc_13, v_misc_4, hangedman_vaults_slice,
          nicolae_vaults_rhombus_7, ontoclasm_vaults_fault,
          ontoclasm_vaults_tryst, v_misc_4, nicolae_vaults_network_periphery,
          ontoclasm_vaults_ring_large, dpeg_vaults_monster_box,
          nicolae_vaults_rhombus_5, nicolae_vaults_theta, vaults_mumra_lcd,
          layout_vaults_maze_snakey, uniq_donald, uniq_xtahua
Vaults:3: minmay_crypt_entry_simple_statues, ontoclasm_vaults_chip,
          layout_vaults_quadrants, serial_shops, nicolae_shop_trees,
          uniq_margery
Vaults:4: v_rooms_2, nicolae_vaults_ninety_degrees, hangedman_vaults_restitches,
          v_pattern_4, nicolae_vaults_halls_meeting,
          nicolae_vaults_puzzle_piece, hangedman_vaults_maws,
          vaults_room_stairs_pillars, nicolae_vaults_rhombus_7, serial_ice_m,
          ontoclasm_vaults_twist, ontoclasm_vaults_gateway, vaults_room_pool,
          layout_vaults_ring, uniq_frederick
Vaults:5: serial_shops

Skill      XL: |  1  2  3  4  5  6  7  8  9 10 11 12 13 14 15 16 17 18 19 20 21 |
---------------+----------------------------------------------------------------+-----
Fighting       | 4 5 6 7 8 10 11 12 13 14 15 16 17 18 20 21 | 21.0
Maces & Flails | 4 6 8 9 10 12 14 15 16 17 18 19 20 21 23 | 23.1
Armour         | 3 4 5 6 7 8 9 10 11 12 13 14 15 | 15.2
Shields        | 1 2 3 6 9 11 12 14 15 17 19 20 22 23 25 | 25.0
Unarmed Combat | 1 |  1.0
Throwing       | 1 2 3 4 5 6 |  6.0
Dodging        | |  2.9
Evocations     | |  0.3

Action                   |  1- 3 |  4- 6 |  7- 9 | 10-12 | 13-15 | 16-18 | 19-21 || total
-------------------------+-------+-------+-------+-------+-------+-------+-------++-------
Melee: Mace              |    86 |   128 |   480 |    27 |       |       |       ||   721
       Headbutt          |    11 |    24 |   107 |    88 |   237 |   299 |   219 ||   985
       Unarmed           |       |       |    11 |    13 |       |       |       ||    24
       Morningstar       |       |       |       |   373 |   875 |  1010 |   664 ||  2922
       Flail             |       |       |       |    23 |       |       |       ||    23
Throw: Javelin           |       |       |       |    12 |    11 |    47 |    21 ||    91
       Boomerang         |       |       |       |       |       |     2 |       ||     2
Invok: Berserk           |       |     1 |     3 |     5 |     2 |     3 |     6 ||    20
       Trog's Hand       |       |       |     1 |       |     2 |     6 |     4 ||    13
       Brothers in Arms  |       |       |       |       |       |     2 |     4 ||     6
Evoke: Wand              |       |       |       |     1 |     4 |     1 |       ||     6
  Use: Scroll            |       |       |    13 |    11 |    15 |    10 |    21 ||    70
       Potion            |       |       |       |     6 |     7 |     5 |     5 ||    23
 Stab: Confused          |       |       |     2 |     1 |       |     3 |       ||     6
       Invisible         |       |       |       |       |       |     1 |       ||     1
  Eat: Chunk             |     2 |     6 |    15 |    15 |    30 |    20 |    22 ||   110
       Ration            |       |       |     1 |     2 |     3 |     8 |     4 ||    18
Armor: Animal skin       |     1 |       |       |       |       |       |       ||     1
       Ring mail         |    22 |    18 |       |       |       |       |       ||    40
       Scale mail        |       |    26 |   146 |       |       |       |       ||   172
       Skin              |       |       |     1 |     1 |       |       |       ||     2
       Plate armour      |       |       |       |   151 |    85 |       |       ||   236
       Swamp dragon scal |       |       |       |       |    71 |   235 |   113 ||   419
       Gold dragon scale |       |       |       |       |       |       |    15 ||    15
Dodge: Dodged            |    64 |    57 |   191 |    98 |    98 |   200 |   148 ||   856
Block: Buckler           |     4 |    38 |   134 |       |       |       |       ||   176
       Large shield      |       |       |   248 |   440 |   768 |  1290 |   817 ||  3563
       Reflection        |       |       |     2 |    24 |    26 |   178 |    81 ||   311
       Other             |       |       |       |     5 |       |       |       ||     5

Table legend:
 A = Non-vault XP
 B = Vault XP
 C = Vault XP percentage of total XP
 D = Non-vault monster count
 E = Vault monster count
 F = Vault count percentage of total count
                 A         B        C        D         E       F
            +---------+---------+-------+---------+---------+-------
      Total |  319078 |  295045 |  48.0 |    1044 |     512 |  32.9
            +---------+---------+-------+---------+---------+-------
        D:1 |      52 |       2 |   3.7 |      26 |       1 |   3.7
        D:2 |      61 |       0 |   0.0 |      28 |       0 |   0.0
        D:3 |     125 |     244 |  66.1 |      26 |      13 |  33.3
        D:4 |     165 |     169 |  50.6 |       5 |       1 |  16.7
        D:5 |     292 |       0 |   0.0 |      14 |       0 |   0.0
        D:6 |     697 |       0 |   0.0 |      22 |       0 |   0.0
        D:7 |    1431 |       0 |   0.0 |      36 |       0 |   0.0
        D:8 |    1064 |     136 |  11.3 |      22 |       1 |   4.3
        D:9 |    1237 |    2068 |  62.6 |       7 |      12 |  63.2
       D:10 |     872 |    2149 |  71.1 |      16 |      12 |  42.9
       D:11 |    3183 |    1720 |  35.1 |      30 |       4 |  11.8
       D:12 |    7669 |       0 |   0.0 |      60 |       0 |   0.0
       D:13 |    5171 |       0 |   0.0 |      24 |       0 |   0.0
       D:14 |    8802 |   14945 |  62.9 |      27 |      26 |  49.1
     Lair:1 |    3034 |     310 |   9.3 |      15 |       2 |  11.8
     Lair:2 |    6707 |     338 |   4.8 |      30 |       1 |   3.2
     Lair:3 |    3845 |    2880 |  42.8 |      17 |      14 |  45.2
     Lair:4 |    3240 |     956 |  22.8 |      24 |       1 |   4.0
     Lair:5 |    6378 |    6508 |  50.5 |      23 |      15 |  39.5
     Lair:6 |   15424 |    4280 |  21.7 |      40 |       6 |  13.0
    Swamp:1 |   12836 |    2110 |  14.1 |      40 |       9 |  18.4
    Swamp:2 |   12629 |   10814 |  46.1 |      36 |      14 |  28.0
    Swamp:3 |   14911 |       0 |   0.0 |      33 |       0 |   0.0
    Swamp:4 |   14688 |   16095 |  52.3 |      28 |      43 |  60.6
    Snake:1 |   14184 |    2035 |  12.5 |      35 |       1 |   2.8
    Snake:2 |   27913 |   12159 |  30.3 |      55 |      12 |  17.9
    Snake:3 |   22534 |    3276 |  12.7 |      45 |      10 |  18.2
    Snake:4 |   29659 |   28604 |  49.1 |      57 |      55 |  49.1
      Orc:1 |    3224 |     276 |   7.9 |      31 |       9 |  22.5
      Orc:2 |    1055 |   11765 |  91.8 |      22 |      65 |  74.7
   Vaults:1 |   22623 |   13591 |  37.5 |      29 |      15 |  34.1
   Vaults:2 |   21799 |   22120 |  50.4 |      32 |      28 |  46.7
   Vaults:3 |   15932 |   18610 |  53.9 |      43 |      21 |  32.8
   Vaults:4 |   30225 |   91307 |  75.1 |      63 |      84 |  57.1
   Vaults:5 |    5417 |   21570 |  79.9 |       3 |      14 |  82.4
    Ossuary |       0 |     254 | 100.0 |       0 |      13 | 100.0
   Gauntlet |       0 |    3754 | 100.0 |       0 |      10 | 100.0
            +---------+---------+-------+---------+---------+-------
